Map: Orbital Shipyard

Players

rcon - Winner!

  • Race: Zerg Zerg
  • League: Diamond

LilDicky

  • Race: Terran Terran
  • League: Diamond

VOD

http://www.twitch.tv/tumescentpie

Description

Time

  • Played on: Dec. 10, 2015, 11:31 a.m.
  • Length: 7:12
Show
View Real Time Build Order
Export as new Build Order

rcon Zerg - Winner!

Build Orders: Hatch First 

Get SALT Encoding   

  12  0:00  Drone  
  13  0:12  Overlord  
  13  0:18  Drone  
  14  0:31  Drone x2  
  16  0:37  Drone  
  17  0:46  Drone  
  18  0:59  Hatchery  
  18  1:04  Drone  
  18  1:07  Drone  
  19  1:18  Spawning Pool  
  18  1:20  Drone  
  18  1:24  Extractor  
  18  1:28  Drone  
  19  1:39  Drone  
  20  1:51  Overlord  
  20  2:00  Drone  
  21  2:08  Queen  
  21  2:10  Queen  
  21  2:11  Zergling x2  
  21  2:12  Zergling x2  
  27  2:21  Drone  
  28  2:25  Metabolic Boost  
  28  2:33  Drone x3  
  30  2:53  Drone x3  
  30  2:57  Queen  
  35  3:00  Overlord  
  35  3:09  Overlord  
  35  3:18  Queen  
  37  3:22  Extractor x2  
  37  3:24  Drone x4  
  39  3:27  Drone x4  
  39  3:30  Drone  
  39  3:33  Drone  
  45  3:37  Drone  
  46  4:00  Queen  
  50  4:03  Lair  
  48  4:14  Roach Warren  
  48  4:15  Drone x4  
  51  4:46  Overlord x4  
  51  5:01  Nydus Network  
  51  5:02  Roach  
  51  5:04  Roach x10  
  72  5:11  Roach x2  
  72  5:13  Roach  
  72  5:14  Overlord  
  78  5:21  Overlord x2  
  78  5:24  Overseer  
  78  5:26  Overseer  
  78  5:31  Overseer  
  77  5:36  Roach  
  77  5:40  Queen x2  
  77  5:42  Roach  
  83  5:52  Nydus Canal  
  83  5:56  Zergling x10  
  83  5:57  Zergling x2  
  89  6:04  Roach x2  
  87  6:12  Nydus Canal  
  87  6:15  Queen x2  
  91  6:34  Roach x4  
  91  6:35  Roach x4  
  101  6:48  Roach x4  
Show
View Real Time Build Order
Export as new Build Order

LilDicky Terran 

Build Orders: Reaper Expand 

Get SALT Encoding   

  12  0:02  SCV  
  13  0:14  SCV  
  13  0:19  Supply Depot  
  14  0:27  SCV  
  15  0:41  SCV  
  16  0:45  Refinery  
  16  0:46  Barracks  
  16  0:53  SCV  
  17  1:05  SCV  
  18  1:17  SCV  
  19  1:34  Reaper  
  19  1:35  Orbital Command  
  20  1:44  Command Center  
  20  1:51  Supply Depot  
  20  1:59  Refinery  
  20  2:00  SCV  
  21  2:06  Marine  
  22  2:19  Factory  
  22  2:21  SCV  
  23  2:23  Marine  
  24  2:43  SCV  
  25  2:45  Marine  
  26  2:55  SCV  
  28  2:58  Orbital Command  
  28  3:03  Factory Tech Lab  
  28  3:05  Starport  
  27  3:07  SCV  
  28  3:17  Refinery  
  28  3:19  SCV, Refinery  
  29  3:28  Siege Tank  
  29  3:29  SCV  
  29  3:32  SCV  
  29  3:33  Marine  
  35  3:42  SCV  
  36  3:54  Starport Tech Lab  
  36  3:57  SCV  
  36  3:58  Armory  
  36  3:59  Marine  
  36  4:02  SCV  
  41  4:09  SCV  
  42  4:14  SCV, Cloaking Field, Banshee  
  43  4:19  Hellion  
  46  4:28  SCV, Barracks Reactor  
  46  4:29  Factory  
  46  4:33  SCV, Supply Depot  
  46  4:36  Supply Depot  
  47  4:40  SCV, Hellion  
  50  4:46  SCV  
  50  4:52  SCV  
  52  4:57  Banshee  
  55  5:01  Thor  
  55  5:02  Supply Depot  
  61  5:19  Supply Depot, Hellion x2  
  65  5:40  SCV x2  
  65  5:54  SCV x2  
  67  5:59  Marine  
  68  6:06  SCV x2  
  70  6:14  Banshee  
  70  6:16  Thor  
  70  6:17  Hellion x2  
  83  6:19  SCV x2  
  83  6:25  Supply Depot x3  
  85  6:27  Supply Depot  
  85  6:34  Marine  
  81  6:47  Supply Depot  
Tags
 
Add a new tag
Caveats
  • Supply blocks, unpowered buildings, or Contaminate may cause inaccurate times.
  • Supply counts are checked every 10 seconds.